 Dungeon Crawl Stone Soup version 0.31-a0-740-g87205ac768 (webtiles) character file.

Game seed: 7338793252593779209

55 GigaChad the Shield-Bearer (level 4, -11/37 HPs)
             Began as a Formicid Fighter on Sept 12, 2023.
             Mangled by Crazy Yiuf
             ... wielding a +4 quarterstaff of chaos
              (13 damage)
             ... on level 2 of the Dungeon.
             The game lasted 00:01:37 (1944 turns).

GigaChad the Shield-Bearer (Formicid Fighter)       Turns: 1944, Time: 00:01:37

Health: -11/37     AC:  7    Str: 22    XL:     4   Next: 14%
Magic:  4/4        EV: 14    Int:  8    God:
Gold:   55         SH:  5    Dex: 13    Spells: 3/3 levels left

rFire   + . .        a - +0 war axe
rCold   + . .        c - +0 buckler
rNeg    . . .        b - +0 scale mail
rPois   +            (helmet unavailable)
rElec   +            (no cloak)
rCorr   +            (no gloves)
SInv    +            (no boots)
Will    .....        (no amulet) Stlth
                     (no ring)
HPRegen 0.26/turn    (no ring)
MPRegen 0.09/turn

%: no passive effects
@: agile, resistant
A: permanent stasis, dig shafts and tunnels, antennae 3, four strong arms
a: Dig, Shaft Self


You were on level 2 of the Dungeon.
You visited 1 branch of the dungeon, and saw 2 of its levels.

You collected 55 gold pieces.

Inventory:

Hand Weapons
 a - a +0 war axe (weapon)
Armour
 b - a +0 scale mail (worn)
 c - a +0 buckler (worn)
Jewellery
 f - an amulet of the acrobat
 i - a +4 ring of protection
Talismans
 q - a beast talisman
Scrolls
 e - 2 scrolls of identify {unknown}
 g - 3 scrolls of noise {unknown}
 j - a scroll of teleportation {unknown}
 l - a scroll of vulnerability {unknown}
 p - a scroll of fear {unknown}
Potions
 d - a potion of might
 h - a potion of degeneration {unknown}
 k - a potion of mutation {unknown}
 m - a potion of resistance {unknown}
 n - a potion of heal wounds {unknown}
 o - a potion of lignification {unknown}


   Skills:
 * Level 3.8 Fighting
 * Level 2.8 Axes
 * Level 3.8 Armour
 * Level 4.5 Shields


You had 3 spell levels left.
You didn't know any spells.
Your spell library was empty.

Dungeon Overview and Level Annotations

Branches:
Dungeon (2/15)

Altars:

Annotations:
D:2 Crazy Yiuf


Innate Abilities, Weirdness & Mutations

You cannot be hasted, slowed, berserked, paralysed or teleported.
You can dig through walls and to a lower floor.
You have a pair of large antennae on your head. (SInv)
Your four strong arms can wield two-handed weapons with a shield.


Message History

You barely miss Crazy Yiuf.
Crazy Yiuf yells, "Millenium!
Gum song head."
You block Crazy Yiuf's attack.
Crazy Yiuf hits you with a +4 quarterstaff of chaos!
You slash Crazy Yiuf!
Crazy Yiuf is moderately wounded.
Crazy Yiuf closely misses you.
You hit Crazy Yiuf but do no damage.
Crazy Yiuf is moderately wounded.
Crazy Yiuf says, "Buddy!"
Crazy Yiuf hits you with a +4 quarterstaff of chaos.
* * * LOW HITPOINT WARNING * * *
You feel protected.
You hit Crazy Yiuf but do no damage.
Crazy Yiuf is moderately wounded.
Crazy Yiuf whimpers, "Gum down aubergine!"
Crazy Yiuf misses you. Crazy Yiuf barely misses you.
You slash Crazy Yiuf!
Crazy Yiuf is almost dead.
Crazy Yiuf hits you with a +4 quarterstaff of chaos.
* * * LOW HITPOINT WARNING * * *
Crazy Yiuf freezes you.
* * * LOW HITPOINT WARNING * * *
You barely miss Crazy Yiuf.
Crazy Yiuf is almost dead.
Crazy Yiuf whimpers, "You water testudinal!"
Crazy Yiuf hits you with a +4 quarterstaff of chaos.
* * * LOW HITPOINT WARNING * * *
You feel agile all of a sudden. You block Crazy Yiuf's attack.
You barely miss Crazy Yiuf.
Crazy Yiuf is almost dead.
Crazy Yiuf grits, "Key!
Goober spinner head."
Crazy Yiuf barely misses you.
You are too injured to fight recklessly!
Unknown command.
You closely miss Crazy Yiuf.
Crazy Yiuf is almost dead.
Crazy Yiuf hits you with a +4 quarterstaff of chaos!
You die...

#.######'#<.................#....
...........#############.#.......
#..........# ###.#.##....
....###..#.# ##### #......#....
...........# #..)# #...#.......
...........# #...# #...#..##.##
###.###.##.# ... ##..#..##.##
...........# #g# #...........
#######.#### ♣♣@♣ ##..#....[.. #
#.# ♣.♣♣ #..#..##.## #######.####
♣♣.♣ #..#..##.## ...........#
♣.♣♣ #..#....... #######.#.##
♣♣.♣ #..#..##.## # #.#.# ♣.P♣♣♣
#..#..##.# #######.#.## ♣P..P♣
##..#..##.## #..........# #....#
#...........
.########.####....####.........##


You could see Crazy Yiuf.

Vanquished Creatures
  2 adders (D:2)
  A worm (D:2)
  3 dart slugs
  An endoplasm (D:2)
  4 goblins
  2 hobgoblins (D:2)
  A kobold (D:2)
  4 quokkas
  3 ball pythons
  2 bats
  4 rats
27 creatures vanquished.

Notes
Turn   | Place    | Note
-------+----------+-------------------------------------------
     0 | D:1      | GigaChad the Formicid Fighter began the quest for the Orb.
     0 | D:1      | Reached XP level 1. HP: 18/18 MP: 1/1
   200 | D:1      | Reached XP level 2. HP: 24/24 MP: 2/2
  1036 | D:2      | Reached XP level 3. HP: 24/29 MP: 3/3
  1389 | D:2      | Reached XP level 4. HP: 37/37 MP: 4/4
  1931 | D:2      | Found a runed translucent door.
  1932 | D:2      | Noticed Crazy Yiuf
  1942 | D:2      | HP: 1/37 [Crazy Yiuf/+4 quarterstaff of chaos (4)]
  1944 | D:2      | Mangled by Crazy Yiuf

Illustrated notes

Levels and vault maps discovered:
D:1:      ncdulo_smallfort, layout_loops_corners
D:2:      layout_basic, uniq_crazy_yiuf_cottage

Action                     |  1- 3 |  4- 6 || total
---------------------------+-------+-------++-------
  Melee: War axe           |    87 |    18 ||   105
 Armour: Scale mail        |    60 |    11 ||    71
  Dodge: Dodged            |    34 |     4 ||    38
  Block: Buckler           |    26 |     3 ||    29

Table legend: (Time is in decaauts)
 A = Elapsed time spent in this place.
 B = Non-inter-level travel time spent in this place.
 C = Inter-level travel time spent in this place.
 D = Time resting spent in this place.
 E = Time spent auto-exploring this place.
 F = Levels seen in this place.
 G = Mean time per level.
                   A        B        C        D        E       F      G
               +--------+--------+--------+--------+--------+-----+--------+
         Total |   1986 |   1951 |     35 |      0 |   1676 |   2 |  993.0 |
       Dungeon |   1986 |   1951 |     35 |      0 |   1676 |   2 |  993.0 |
               +--------+--------+--------+--------+--------+-----+--------+

Top non-repeatable levels by time:
     D:2: 1018 daAuts
     D:1: 968 daAuts
